 Dungeon Crawl Stone Soup version 0.19.1-1-g22dce08 (webtiles) character file.

529 attempt the Chopper (level 7, -1/60 HPs)
             Began as a Hill Orc Fighter on Jan 15, 2017.
             Killed from afar by an orc wizard (3 damage)
             ... with a puff of frost
             ... on level 5 of the Dungeon.
             The game lasted 00:18:13 (4376 turns).

attempt the Chopper (Hill Orc Fighter)              Turns: 4376, Time: 00:18:23

Health: -1/60      AC:  7    Str: 21    XL:     7   Next: 24%
Magic:  0/7        EV:  8    Int:  8    God:
Gold:   282        SH:  0    Dex: 10    Spells: 0 memorised, 6 levels left

rFire  . . .     SeeInvis .     a - +0 war axe
rCold  . . .     Gourm    .     b - +0 scale mail
rNeg   . . .     Faith    .     c - +0 shield
rPois  .         Spirit   +     (no helmet)
rElec  .         Reflect  .     (no cloak)
rCorr  .         Harm     .     (no gloves)
MR     .....                    (no boots)
Stlth  ..........               v - amulet of guardian spirit
                                (no ring)
                                (no ring)

@: confused
A: no striking features
a: no special abilities


You were on level 5 of the Dungeon.
You were hungry.

You visited 2 branches of the dungeon, and saw 6 of its levels.

You collected 282 gold pieces.

Inventory:

Hand Weapons
 a - a +0 war axe (weapon)
 h - a +0 short sword of holy wrath
 u - a +0 giant spiked club
 w - a +1 dire flail of crushing
Missiles
 i - 15 poisoned needles
Armour
 b - a +0 scale mail (worn)
 c - a +0 shield (worn)
 e - a +0 ring mail
 m - a +2 hat of intelligence
 x - a +0 leather armour
Jewellery
 v - an amulet of guardian spirit (around neck)
 y - a +3 ring of intelligence {unknown}
Wands
 j - a wand of slowing (22/48)
 p - a wand of iceblast (7/15)
Scrolls
 q - a scroll of recharging {unknown}
 r - a scroll of remove curse {unknown}
 s - a scroll of random uselessness {unknown}
Potions
 d - a potion of might
 g - 2 potions of lignification
 k - a potion of curing {unknown}
 l - 2 potions of agility {unknown}
 t - a potion of haste {unknown}
Comestibles
 f - 2 bread rations
 n - a meat ration
 o - 3 fruits


   Skills:
 + Level 4.7 Fighting
 + Level 6.9 Axes
 + Level 4.5 Armour
 + Level 1.5 Dodging
 + Level 0.1 Stealth
 + Level 4.9 Shields


You had 6 spell levels left.
You didn't know any spells.

Dungeon Overview and Level Annotations

Branches:
Dungeon (5/15)             Temple (1/1) D:4

Altars:
Ashenzari
Cheibriados
Dithmenos
Elyvilon
Fedhas
Gozag
Hepliaklqana
Kikubaaqudgha
Makhleb
Nemelex Xobeh
Okawaru
Qazlal
Ru
Sif Muna
Trog
Uskayaw
Vehumet
Xom
Yredelemnul
Zin
The Shining One


Message History

The orc wizard casts a spell at you. The magic dart hits you!
* * * LOW HITPOINT WARNING * * *
The hound bites you but does no damage. The orc wizard barely misses you.
You hear some strange, mumbled words.
A puff of flame appears from out of thin air!
The puff of flame hits you!
* * * LOW HITPOINT WARNING * * *
The hound barely misses you.
You're too confused!
Unknown command.
You're too confused!
Unknown command.
You barely miss the orc wizard. You barely miss something.
You closely miss the hound.
The orc wizard hits you but does no damage.
The hound barely misses you. Something hits you but does no damage.
The orc wizard points at you and mumbles some strange words.
The puff of frost hits you!
You die...

..#########.#.##. #
##.#.........#.##. #. ...
######..#.##. #. ## #.#
#.....#.
###..#.###.########[......
........#...#............
#............####......#
#...##......†........>##
#.#.>.##.@o....####.......
.......†.h)..#..# #....[.#
#.#.........##...##.##.#.#
##...#..................
#.#.#..####...##.####.<
#.#.#..# #..###....... #
#.#..# ...# ######..
.).§.# ... .....< ...#


You could see a hound and an orc wizard.

Vanquished Creatures
  Edmund (D:5)
  An ogre (D:4)
  A scorpion (D:4)
  A bullfrog skeleton (D:4)
  A worker ant (D:4)
  An iguana (D:4)
  A hound skeleton (D:4)
  4 adders (D:3)
  4 gnolls (D:3)
  An adder skeleton (D:4)
  3 worms
  5 leopard geckos
  5 orcs
  3 ball pythons
  9 giant cockroaches
  6 goblins
  5 hobgoblins
  6 jackals
  4 quokkas
  6 bats
  9 frilled lizards
  14 kobolds
  A leopard gecko skeleton (D:5)
  9 rats
101 creatures vanquished.

Notes
Turn   | Place    | Note
-------+----------+-------------------------------------------
     0 | D:1      | attempt the Hill Orc Fighter began the quest for the Orb.
     0 | D:1      | Reached XP level 1. HP: 19/19 MP: 1/1
   185 | D:1      | Reached XP level 2. HP: 27/27 MP: 2/2
   616 | D:1      | Reached skill level 3 in Axes
  1079 | D:2      | Reached XP level 3. HP: 25/33 MP: 3/3
  2198 | D:3      | Reached XP level 4. HP: 39/40 MP: 4/4
  2203 | D:3      | Reached skill level 4 in Axes
  2511 | D:3      | Reached XP level 5. HP: 31/46 MP: 5/5
  3285 | D:4      | Reached skill level 5 in Axes
  3285 | D:4      | Reached skill level 1 in Dodging
  3328 | D:4      | Reached XP level 6. HP: 35/53 MP: 6/6
  3488 | D:4      | Found a staircase to the Ecumenical Temple.
  3501 | Temple   | Entered the Ecumenical Temple
  3893 | D:4      | Reached skill level 6 in Axes
  3903 | D:5      | Entered Level 5 of the Dungeon
  4073 | D:5      | Noticed Edmund
  4090 | D:5      | Killed Edmund
  4090 | D:5      | Reached XP level 7. HP: 18/60 MP: 7/7
  4375 | D:5      | HP: 2/60 [orc wizard/magic dart (2)]
  4376 | D:5      | Killed from afar by an orc wizard

Skill      XL: |  1  2  3  4  5  6 |
---------------+-------------------+-----
Axes           | 3 4 5 6 |  6.9
Fighting       | 4 |  4.7
Shields        | 4 |  4.9
Armour         | 4 |  4.5
Dodging        | 1 |  1.5
Stealth        | |  0.1

Action                   |  1- 3 |  4- 6 |  7- 9 || total
-------------------------+-------+-------+-------++-------
Melee: War axe           |   119 |   179 |    25 ||   323
  Use: Scroll            |     3 |     2 |       ||     5
       Potion            |     1 |       |     1 ||     2
  Eat: Meat ration       |     1 |       |       ||     1
       Pizza             |     1 |       |       ||     1
       Bread ration      |       |     1 |       ||     1
Armor: Scale mail        |    48 |    84 |    24 ||   156
Dodge: Dodged            |    34 |    71 |    22 ||   127
Block: Shield            |    68 |    99 |    15 ||   182
